 Dungeon Crawl Stone Soup version 0.29-a0-284-gf9362112df (webtiles) character file.

Game seed: 12670409253937476266

6 Hubjo the Vexing (level 1, 0/14 HPs)
             Began as a Demonspawn Enchanter on Mar 23, 2022.
             Slain by a goblin
             ... wielding a +0 club
              (2 damage)
             ... on level 1 of the Dungeon.
             The game lasted 00:00:24 (405 turns).

Hubjo the Vexing (Demonspawn Enchanter)              Turns: 405, Time: 00:00:24

Health: 0/14       AC:  2    Str:  8    XL:     1   Next: 75%
Magic:  3/3        EV: 12    Int: 16    God:
Gold:   11         SH:  0    Dex: 13    Spells: 4/4 levels left

rFire   . . .      SeeInvis .   a - +1 dagger
rCold   . . .      Faith    .   (no shield)
rNeg    . . .      Spirit   .   b - +0 robe
rPois   .          Reflect  .   (no helmet)
rElec   .          Harm     .   (no cloak)
rCorr   .          Rampage  .   (no gloves)
Will    .....                   (no boots)
Stlth   ++........              (no amulet)
HPRegen 0.04/turn               (no ring)
MPRegen 0.08/turn               (no ring)

@: invisible
A: no striking features
a: no special abilities


You were on level 1 of the Dungeon.
You visited 1 branch of the dungeon, and saw 1 of its levels.

You collected 11 gold pieces.

Inventory:

Hand Weapons
 a - a +1 dagger (weapon)
Armour
 b - a +0 robe (worn)
Potions
 c - a potion of invisibility


   Skills:
 * Level 0.7 Fighting
 - Level 0.8 Short Blades
 - Level 1.7 Dodging
 * Level 2.9 Stealth
 + Level 2.1 Spellcasting
 - Level 3.0 Hexes


You had 4 spell levels left.
You didn't know any spells.
Your spell library contained the following spells:

 Spells                   Type           Power      Damage    Failure   Level
 Ensorcelled Hibernation  Hex/Ice        12%        N/A       17%         2
 Confusing Touch          Hex            11%        N/A       19%         3
 Tukima's Dance           Hex            11%        N/A       19%         3
 Dazzling Flash           Conj/Hex       12%        N/A       32%         3


Dungeon Overview and Level Annotations

Branches:
Dungeon (1/15)

Altars:


Message History

You see here a rat skeleton.
Found 11 gold pieces.
Items here: ( )) รท.
You now have 11 gold pieces.
A goblin and a kobold come into view.
Found a club and a dagger.
The goblin shouts!
The kobold shouts!
An endoplasm comes into view.
The kobold throws a stone.
The stone closely misses you.
There are monsters nearby!
The kobold throws a stone.
The stone hits you but does no damage.
The kobold throws a stone.
The stone misses you. The goblin hits you with a +0 club.
You barely miss the goblin. You barely miss the goblin.
The goblin barely misses you. The endoplasm hits you.
You hit the goblin.
The goblin is moderately wounded.
The endoplasm barely misses you. The goblin closely misses you.
You closely miss the goblin.
The goblin is moderately wounded.
The endoplasm freezes you.
You are frozen.
The goblin hits you with a +0 club. The kobold hits you with a +0 club.
* * * LOW HITPOINT WARNING * * *
You are too injured to fight recklessly!
You are too injured to fight recklessly!
You are too injured to fight recklessly!
You are too injured to fight recklessly!
You are too injured to fight recklessly!
You are too injured to fight recklessly!
You are too injured to fight recklessly!
You are too injured to fight recklessly!
You fade into invisibility!
The endoplasm misses you. The goblin barely misses you.
The kobold closely misses you.
You closely miss the goblin.
The goblin is moderately wounded.
The goblin hits you with a +0 club.
You die...

###############.#..
#.............#.#..
#.#########.....)..
#.#.#.#####.#.#.#.#
#.#.........#.#.#.#
#.#.#########.#.#.#
#......... #.#.#.#
#....)..## #.#.#.#
#.@K.....# #.#.#..
#....gJ####)#
#.#.### #........ .
#.#.# #..........
#.# #.....######
..# #...... #.....#
#......


You could see an endoplasm, a goblin (can't see you) and a kobold (can't see
you).

Vanquished Creatures
  A bat (D:1)
  A giant cockroach (D:1)
  A goblin (D:1)
  A kobold (D:1)
  2 rats (D:1)
6 creatures vanquished.

Notes
Turn   | Place    | Note
-------+----------+-------------------------------------------
     0 | D:1      | Hubjo the Demonspawn Enchanter began the quest for the Orb.
     0 | D:1      | Reached XP level 1. HP: 13/13 MP: 3/3
   405 | D:1      | Slain by a goblin

Illustrated notes

Levels and vault maps discovered:
D:1:      dpeg_arrival_shelter, layout_basic, basic_ecumenical_altar

Action                   || total
-------------------------++-------
Melee: Dagger            ||    28
       Punch             ||     1
  Use: Potion            ||     1
Armor: Robe              ||    16
Dodge: Dodged            ||    39

Table legend: (Time is in decaauts)
 A = Elapsed time spent in this place.
 B = Non-inter-level travel time spent in this place.
 C = Inter-level travel time spent in this place.
 D = Time resting spent in this place.
 E = Time spent auto-exploring this place.
 F = Levels seen in this place.
 G = Mean time per level.
                   A        B        C        D        E       F      G
               +--------+--------+--------+--------+--------+-----+--------+
         Total |    403 |    403 |      0 |      0 |    337 |   1 |  403.0 |
       Dungeon |    403 |    403 |      0 |      0 |    337 |   1 |  403.0 |
               +--------+--------+--------+--------+--------+-----+--------+

Top non-repeatable levels by time:
     D:1: 403 daAuts
